 Dungeon Crawl Stone Soup version 0.30.1-4-g462c640d31 (webtiles) character file.

Game seed: 7321928182261621281

56 Peloso the Covered (level 3, 0/33 HPs)
             Began as a Minotaur Fighter on Aug 18, 2023.
             Slain by a goblin
             ... wielding a +0 club
             ... led by Robin
              (5 damage)
             ... on level 2 of the Dungeon.
             The game lasted 00:02:00 (923 turns).

Peloso the Covered (Minotaur Fighter)                Turns: 923, Time: 00:02:01

Health: 0/33       AC:  7    Str: 20    XL:     3   Next: 69%
Magic:  2/2        EV:  7    Int:  5    God:
Gold:   14         SH:  4    Dex: 11    Spells: 2/2 levels left

rFire   . . .        a - +0 long sword
rCold   . . .        d - +0 buckler
rNeg    . . .        c - +0 chain mail
rPois   .            (helmet restricted)
rElec   .            (no cloak)
rCorr   .            (no gloves)
SInv    .            (no boots)
Will    .....        (no amulet) Stlth
                     (no ring)
HPRegen 0.25/turn    (no ring)
MPRegen 0.08/turn

%: no passive effects
@: no status effects
A: horns 2, retaliatory headbutt, iridescent scales 1, deformed body, evolution
1
a: no special abilities


You were on level 2 of the Dungeon.
You visited 1 branch of the dungeon, and saw 2 of its levels.

You collected 14 gold pieces.

Inventory:

Hand Weapons
 a - a +0 long sword (weapon)
Armour
 b - a +0 scale mail
 c - a +0 chain mail (worn)
 d - a +0 buckler (worn)
Jewellery
 g - a ring of protection from cold
Scrolls
 e - 2 scrolls of fog {unknown}
 h - a scroll of identify {unknown}
 k - a scroll of amnesia {unknown}
Potions
 f - a potion of might
 j - a potion of ambrosia {unknown}


   Skills:
 + Level 4.1 Fighting
 + Level 3.5 Long Blades
 + Level 4.2 Armour
 + Level 4.1 Shields


You had 2 spell levels left.
You didn't know any spells.
Your spell library contained the following spells:

 Spells                   Type           Power      Damage    Failure   Level
 Slow                     Hex            0%         N/A       99%         1
 Confusing Touch          Hex            0%         N/A       100%        3
 Vampiric Draining        Necr           0%         2d6       100%        3


Dungeon Overview and Level Annotations

Branches:
Dungeon (2/15)

Altars:

Shops:
D:1 [


Innate Abilities, Weirdness & Mutations

You have a pair of horns on your head.
You reflexively headbutt those who attack you in melee.
You are partially covered in iridescent scales. (AC +2)
Armour fits poorly on your strangely shaped body.
You have hidden genetic potential.


Message History

You block the goblin's attack. The goblin barely misses you.
You block the goblin's attack.
You slash Robin!
You kill Robin!
You feel very sick. The goblin hits you but does no damage.
The goblin barely misses you. The goblin hits you with a +0 club.
* * * LOW HITPOINT WARNING * * *
The goblin closely misses you. The goblin attacks as you move away!
The goblin hits you but does no damage.
You feel sick.
Items here: ) [[ †.
Unknown command.
You feel sick. You block the goblin's attack.
The goblin unwields a +0 club.
The goblin wields a +0 sling.
The goblin shoots a sling bullet.
The sling bullet hits you but does no damage.
The goblin completely misses you.
You see here a hobgoblin corpse.
Unknown command.
You barely miss the goblin. Your headbutt misses the goblin.
You feel sick. The goblin hits you but does no damage.
The goblin shoots a sling bullet.
The sling bullet hits you but does no damage.
You block the goblin's attack.
Unknown command.
You closely miss the goblin. Your headbutt misses the goblin.
You feel sick. The goblin hits you but does no damage.
The goblin shoots a sling bullet.
You block the sling bullet. You block the goblin's attack. x2
Unknown command.
You hit the goblin.
The goblin is moderately wounded.
You feel sick.
You are no longer poisoned.
The goblin shoots a sling bullet.
You block the sling bullet. The goblin hits you but does no damage.
You block the goblin's attack.
Unknown command.
You hit the goblin.
You kill the goblin!
The goblin shoots a sling bullet.
The sling bullet barely misses you. The goblin hits you with a +0 club.
You die...

## # ##≈## ..
########≈≈≈#
...#..≈..≈≈≈~###
....~~≈~~~....###
#~~≈.>..........
#)†)@..# #.gg)<.#
#......#
#.......#
.............
...#.....######
.........##
#..##...## ##.
#..##


You could see 2 goblins.

Vanquished Creatures
  Robin (D:2)
  A dart slug (D:1)
  4 endoplasms
  4 giant cockroaches (D:1)
  6 hobgoblins
  2 jackals (D:1)
  2 kobolds (D:1)
  3 quokkas (D:1)
  2 bats (D:1)
  A frilled lizard (D:2)
  8 goblins
  3 rats (D:1)
37 creatures vanquished.

Notes
Turn   | Place    | Note
-------+----------+-------------------------------------------
     0 | D:1      | Peloso the Minotaur Fighter began the quest for the Orb.
     0 | D:1      | Reached XP level 1. HP: 19/19 MP: 0/0
   144 | D:1      | Reached XP level 2. HP: 26/27 MP: 1/1
   607 | D:1      | Found Dacu's Antique Armour Shoppe.
   617 | D:1      | Reached XP level 3. HP: 28/33 MP: 2/2
   899 | D:2      | Gained mutation: You are partially covered in iridescent
                  | scales. (AC +2) [potion of mutation]
   899 | D:2      | Gained mutation: Armour fits poorly on your strangely
                  | shaped body. [potion of mutation]
   899 | D:2      | Gained mutation: You have hidden genetic potential. [potion
                  | of mutation]
   901 | D:2      | Noticed Robin
   917 | D:2      | Killed Robin
   923 | D:2      | Slain by a goblin

Illustrated notes

Levels and vault maps discovered:
D:1:      scummos_arrival_checkerplants, layout_loops_ring, serial_shops, shop,
          serial_forest, infiniplex_forest_zigzag_1,
          infiniplex_forest_clump_curved, infiniplex_forest_clump_long,
          infiniplex_forest_clump_tiny, infiniplex_forest_clump_cross,
          kennysheep_minor_cross, serial_bayou_pond_b
D:2:      layout_rooms, chequers_serial_rivers_small_a, minmay_parallelograms,
          uniq_robin

Skill      XL: |  1  2 |
---------------+-------+-----
Shields        | 4 |  4.1
Armour         | 4 |  4.2
Long Blades    | 3 |  3.5
Fighting       | 4 |  4.1

Action                     || total
---------------------------++-------
  Melee: Long sword        ||    78
         Headbutt          ||    11
    Use: Potion            ||     1
 Armour: Chain mail        ||    52
         Scale mail        ||     3
  Dodge: Dodged            ||    47
  Block: Buckler           ||    25
